 Dungeon Crawl Stone Soup version 0.22.1-6-g1668fe2 (webtiles) character file.

222 Fang the Skirmisher (level 5, -4/34 HPs)
             Began as a Gargoyle Berserker on Feb 1, 2019.
             Was a Believer of Trog.
             Slain by a phantom (7 damage)
             ... on level 4 of the Dungeon.
             The game lasted 00:02:32 (2394 turns).

Fang the Skirmisher (Gargoyle Berserker)            Turns: 2394, Time: 00:02:32

Health: -4/34      AC:  9    Str: 21    XL:     5   Next: 99%
Magic:  5/5        EV: 11    Int:  8    God:    Trog [**....]
Gold:   130        SH:  0    Dex:  9    Spells: 4/4 levels left

rFire    . . .     SeeInvis .   a - +0 hand axe
rCold    . . .     Gourm    .   (no shield)
rNeg     + . .     Faith    .   e - +0 ring mail (curse)
rPois    ∞         Spirit   .   (no helmet)
rElec    +         Reflect  .   (no cloak)
rCorr    .         Harm     .   (no gloves)
MR       .....                  (no boots)
Stlth    +.........             (no amulet)
HPRegen  0.11/turn              (no ring)
MPRegen  0.09/turn              (no ring)

@: no status effects
A: negative energy resistance 1, electricity resistance, unbreathing,
petrification resistance, rot immunity, AC +4
a: Berserk, Trog's Hand, Renounce Religion


You were on level 4 of the Dungeon.
You worshipped Trog.
Trog was pleased with you.
You were not hungry.

You visited 1 branch of the dungeon, and saw 4 of its levels.

You collected 130 gold pieces.

Inventory:

Hand Weapons
 a - a +0 hand axe (weapon)
Armour
 e - a cursed +0 ring mail (worn)
Jewellery
 g - an uncursed amulet of harm {unknown}
Scrolls
 b - 2 scrolls of enchant weapon {unknown}
 d - 3 scrolls of remove curse {unknown}
 f - 2 scrolls of random uselessness {unknown}
 h - 6 scrolls of identify {unknown}
 l - a scroll of magic mapping {unknown}
Potions
 i - a potion of heal wounds {unknown}
 j - 3 potions of curing {unknown}
 k - a potion of flight {unknown}
 m - a potion of cancellation {unknown}
Comestibles
 c - 6 rations


   Skills:
 + Level 4.3 Fighting
 + Level 4.3 Axes
 + Level 3.3 Armour
 + Level 2.2 Dodging
 + Level 1.1 Stealth


You had 4 spell levels left.
You didn't know any spells.
Your spell library was empty.

Dungeon Overview and Level Annotations

Branches:
Dungeon (4/15)
 Temple: D:4-7

Altars:
Cheibriados
Uskayaw


Innate Abilities, Weirdness & Mutations

You are resistant to torment.
Your stone body is resilient. (AC +4)
You are immune to poison.
You resist negative energy. (rN+)
You are resistant to electric shocks. (rElec)
You can survive without breathing.
You are immune to petrification.
You are immune to rotting.


Message History

The phantom blinks!
You swing at nothing.
You swing at nothing.
The phantom blinks!
The phantom hits you.
* * * LOW HITPOINT WARNING * * *
You closely miss the phantom.
The phantom is severely damaged.
The phantom barely misses you.
You closely miss the phantom.
The phantom is severely damaged.
The phantom misses you.
You closely miss the phantom.
The phantom is severely damaged.
The phantom hits you.
* * * LOW HITPOINT WARNING * * *
The phantom blinks!
You swing at nothing.
You swing at nothing.
You miss the phantom. The phantom hits you!
You die...

#.....##..##.....###..
#.........###...(....#
#........## #......###
#........# #......#
#........## ##.....#
#.........# #.....#
#.....!...## #....##
##..$......# #....#
##..@W....###....#
##........##..#.#
#........##.. ##
#..##....# ...# ###...
....# ##. ....##
...... .......


You could see a phantom.

Vanquished Creatures
  A howler monkey (D:4)
  Terence (D:3)
  2 worker ants (D:4)
  4 adders
  An ooze (D:1)
  An adder skeleton (D:4)
  4 worms
  2 dart slugs
  A leopard gecko (D:2)
  2 orcs
  3 giant cockroaches
  6 goblins
  7 hobgoblins
  2 quokkas
  A ball python (D:2)
  5 bats
  3 frilled lizards (D:2)
  6 kobolds
  6 rats
58 creatures vanquished.

Notes
Turn   | Place    | Note
-------+----------+-------------------------------------------
     0 | D:1      | Fang the Gargoyle Berserker began the quest for the Orb.
     0 | D:1      | Reached XP level 1. HP: 14/14 MP: 1/1
    34 | D:1      | Found a snail-covered altar of Cheibriados.
    68 | D:1      | Reached XP level 2. HP: 16/19 MP: 2/2
   676 | D:2      | Reached XP level 3. HP: 21/24 MP: 3/3
   712 | D:2      | Reached ** piety under Trog
   989 | D:3      | Noticed a hand axe
  1000 | D:3      | Noticed an enchanted hand axe
  1143 | D:3      | Reached XP level 4. HP: 27/29 MP: 4/4
  1247 | D:3      | Found a hide-covered altar of Uskayaw.
  1251 | D:3      | Noticed Terence
  1276 | D:3      | Killed Terence
  2181 | D:4      | Reached skill level 1 in Stealth
  2181 | D:4      | Reached XP level 5. HP: 29/33 MP: 5/5
  2341 | D:4      | Noticed a phantom
  2394 | D:4      | Slain by a phantom

Skill      XL: |  1  2  3  4  5 |
---------------+----------------+-----
Axes           | 3 4 |  4.3
Fighting       | 4 |  4.3
Armour         | 3 |  3.3
Dodging        | 2 |  2.2
Stealth        | 1 |  1.1

Action                   |  1- 3 |  4- 6 || total
-------------------------+-------+-------++-------
Melee: Hand axe          |   124 |   131 ||   255
  Eat: Chunk             |     1 |     4 ||     5
Armor: Animal skin       |     2 |       ||     2
       Ring mail         |    69 |    62 ||   131
Dodge: Dodged            |    84 |    75 ||   159
